| TOP OF THE 1ST |
|
Minnesota Twins batting - Pitching for Oakland Athletics : LHP Ty Blach
|
|
Pitching: LHP Ty Blach
|
|
|
Batting: RHB Lou Smith
|
0-0: Called Strike 0-1: Ball 1-1: Foul Ball, location: 2F 1-2: Ground out 5-3 (Groundball, 6S, EV 73 MPH)
|
|
Batting: RHB Yasiel Puig
|
0-0: Ball 1-0: Ball 2-0: Foul Ball, location: 2F 2-1: Foul Ball, location: 3FF 2-2: Strikes out swinging
|
|
Batting: RHB Artie Cochran
|
0-0: Swinging Strike 0-1: SINGLE (Line Drive, 9, EV 84 MPH)
|
|
Batting: RHB Chris Curry
|
0-0: Called Strike 0-1: Ground out 5-3 (Groundball, 56S, EV 85 MPH)
|
| Top of the 1st over - 0 runs, 1 hit, 0 errors, 1 left on base; Minnesota 0 - Oakland 0 |
| BOTTOM OF THE 1ST |
|
Oakland Athletics batting - Pitching for Minnesota Twins : RHP Anthony DeSclafani
|
|
Pitching: RHP Anthony DeSclafani
|
|
|
Batting: RHB Jorge García
|
0-0: Ball 1-0: Ball 2-0: Ball 3-0: Base on Balls
|
|
Batting: RHB Jeremy Austin
|
0-0: Called Strike 0-1: TRIPLE (Flyball, 78XD, EV 86 MPH) Jorge García scores
|
|
Batting: RHB Jim Weber
|
0-0: Called Strike 0-1: Foul Ball, location: 25F 0-2: SINGLE (Line Drive, 89M, EV 90 MPH) Jeremy Austin scores
|
|
Batting: RHB Phil Walker
|
0-0: Ball 1-0: Called Strike 1-1: Foul Ball, location: 2F 1-2: Grounds into double play, 6-4-3 (Groundball, 6MS, EV 106 MPH)
|
|
Batting: RHB Gilbert Lara
|
0-0: Foul Ball, location: 3FF 0-1: Ball 1-1: Ball 2-1: Fly out, F3 (Line Drive, 34, EV 70 MPH)
|
| Bottom of the 1st over - 2 runs, 2 hits, 0 errors, 0 left on base; Minnesota 0 - Oakland 2 |
| TOP OF THE 2ND |
|
Minnesota Twins batting - Pitching for Oakland Athletics : LHP Ty Blach
|
|
Batting: RHB José Jiménez
|
0-0: Called Strike 0-1: Swinging Strike 0-2: Ball 1-2: Strikes out looking
|
|
Batting: RHB António Garza
|
0-0: Ball 1-0: Swinging Strike 1-1: Fly out, F1 (Popup, P, EV 88 MPH)
|
|
Batting: RHB Alex Martin
|
0-0: Ball 1-0: Called Strike 1-1: Reached via error on a dropped throw from 3B, E3 (Groundball, 56S, EV 60 MPH)
|
|
Batting: RHB Jorge Cota
|
0-0: Ball 1-0: Called Strike 1-1: Foul Ball, location: 2F 1-2: Strikes out looking
|
| Top of the 2nd over - 0 runs, 0 hits, 1 error, 1 left on base; Minnesota 0 - Oakland 2 |
| BOTTOM OF THE 2ND |
|
Oakland Athletics batting - Pitching for Minnesota Twins : RHP Anthony DeSclafani
|
|
Batting: LHB Steve Walker
|
0-0: Ball 1-0: Foul Ball, location: 2F 1-1: Ground out 3-1 (Groundball, 34S, EV 79 MPH)
|
|
Batting: RHB Ramon Beltre
|
0-0: Called Strike 0-1: Ball 1-1: Ball 2-1: Ball 3-1: Foul Ball, location: 7LMF 3-2: Strikes out swinging
|
|
Batting: RHB Mike Becker
|
0-0: Foul Ball, location: 2LF 0-1: Ball 1-1: Ball 2-1: Foul Ball, location: 9LSF 2-2: Foul Ball, location: 9LDF 2-2: Ball 3-2: SINGLE (Groundball, 6D, EV 74 MPH)
|
|
Batting: RHB Ricardo A. Rodriguez
|
0-0: Fly out, F8 (Flyball, 78XD, EV 85 MPH)
|
| Bottom of the 2nd over - 0 runs, 1 hit, 0 errors, 1 left on base; Minnesota 0 - Oakland 2 |
| TOP OF THE 3RD |
|
Minnesota Twins batting - Pitching for Oakland Athletics : LHP Ty Blach
|
|
Batting: LHB José Ruíz
|
0-0: Ball 1-0: Ground out 3-1 (Groundball, 3S, EV 105 MPH)
|
|
Batting: RHB Lou Smith
|
0-0: Ball 1-0: Ground out 6-3 (Groundball, 6, EV 85 MPH)
|
|
Batting: RHB Yasiel Puig
|
0-0: Called Strike 0-1: SINGLE (Line Drive, 9, EV 88 MPH)
|
|
Batting: RHB Artie Cochran
|
0-0: Called Strike 0-1: Foul Ball, location: 2F 0-2: Strikes out swinging
|
| Top of the 3rd over - 0 runs, 1 hit, 0 errors, 1 left on base; Minnesota 0 - Oakland 2 |
| BOTTOM OF THE 3RD |
|
Oakland Athletics batting - Pitching for Minnesota Twins : RHP Anthony DeSclafani
|
|
Batting: RHB Jorge García
|
0-0: Ball 1-0: Swinging Strike 1-1: Swinging Strike 1-2: Fly out, F8 (Line Drive, 8LD, EV 81 MPH)
|
|
Batting: RHB Jeremy Austin
|
0-0: Foul Ball, location: 3SF 0-1: Ball 1-1: Ball 2-1: Fly out, F9 (Flyball, 9D, EV 75 MPH)
|
|
Batting: RHB Jim Weber
|
0-0: Called Strike 0-1: Ball 1-1: SINGLE (Flyball, 89S, EV 84 MPH)
|
|
Batting: RHB Phil Walker
|
0-0: SINGLE (Groundball, 6D, EV 93 MPH) Jim Weber to second
|
|
Batting: RHB Gilbert Lara
|
0-0: Called Strike 0-1: Foul Ball, location: 3FF 0-2: Ball 1-2: Ball 2-2: Foul Ball, location: 2F 2-2: Ball 3-2: Strikes out swinging
|
| Bottom of the 3rd over - 0 runs, 2 hits, 0 errors, 2 left on base; Minnesota 0 - Oakland 2 |
| TOP OF THE 4TH |
|
Minnesota Twins batting - Pitching for Oakland Athletics : LHP Ty Blach
|
|
Batting: RHB Chris Curry
|
0-0: Called Strike 0-1: Called Strike 0-2: Strikes out looking
|
|
Batting: RHB José Jiménez
|
0-0: Foul Ball, location: 25FF 0-1: Ball 1-1: Swinging Strike 1-2: Ground out 1-3 (Groundball, 13S, EV 62 MPH)
|
|
Batting: RHB António Garza
|
0-0: Swinging Strike 0-1: Foul Ball, location: 3F 0-2: Ball 1-2: Ball 2-2: Fly out, F7 (Flyball, 7, EV 105 MPH)
|
| Top of the 4th over - 0 runs, 0 hits, 0 errors, 0 left on base; Minnesota 0 - Oakland 2 |
| BOTTOM OF THE 4TH |
|
Oakland Athletics batting - Pitching for Minnesota Twins : RHP Anthony DeSclafani
|
|
Batting: LHB Steve Walker
|
0-0: Called Strike 0-1: Ball 1-1: Ball 2-1: Foul Ball, location: 2F 2-2: Ball 3-2: Foul Ball, location: 3F 3-2: DOUBLE (Line Drive, 89D, EV 80 MPH)
|
|
Batting: RHB Ramon Beltre
|
0-0: Ball 1-0: Called Strike 1-1: Fly out, F9 (Line Drive, 9D, EV 62 MPH) Runner from 2nd tags up, SAFE at 3rd, no throw by RF
|
|
Batting: RHB Mike Becker
|
0-0: Ground out 5-3 (Groundball, 5S, EV 82 MPH) Steve Walker scores
|
|
Batting: RHB Ricardo A. Rodriguez
|
0-0: Ball 1-0: Ball 2-0: Ball 3-0: Called Strike 3-1: Foul Ball, location: 5DF 3-2: Strikes out looking
|
| Bottom of the 4th over - 1 run, 1 hit, 0 errors, 0 left on base; Minnesota 0 - Oakland 3 |
| TOP OF THE 5TH |
|
Minnesota Twins batting - Pitching for Oakland Athletics : LHP Ty Blach
|
|
Batting: RHB Alex Martin
|
0-0: Swinging Strike 0-1: DOUBLE (Flyball, 7D, EV 94 MPH)
|
|
Batting: RHB Jorge Cota
|
0-0: Ball 1-0: Called Strike 1-1: Ball 2-1: Foul Ball, location: 2F 2-2: 2-RUN HOME RUN (Flyball, 7D, EV 112 MPH), Distance : 380 ft
|
|
Batting: LHB José Ruíz
|
0-0: Ground out 4-3 (Groundball, 4, EV 90 MPH)
|
|
Batting: RHB Lou Smith
|
0-0: Called Strike 0-1: Foul Ball, location: 5SF 0-2: Foul Ball, location: 23F 0-2: Ball 1-2: Ball 2-2: Ball 3-2: Base on Balls
|
|
Batting: RHB Yasiel Puig
|
0-0: Ball 1-0: Called Strike 1-1: Foul Ball, location: 2F 1-2: SINGLE (Line Drive, 78D, EV 89 MPH) Lou Smith to second
|
|
Batting: RHB Artie Cochran
|
0-0: 3-RUN HOME RUN (Flyball, 7LD, EV 106 MPH), Distance : 340 ft
|
|
Pitching: RHP Bennie Middehof
|
|
|
Batting: RHB Chris Curry
|
0-0: Ball 1-0: Called Strike 1-1: Ball 2-1: Called Strike 2-2: Fly out, F7 (Line Drive, 7, EV 90 MPH)
|
|
Batting: RHB José Jiménez
|
0-0: Ball 1-0: Ball 2-0: Foul Ball, location: 9LSF 2-1: Called Strike 2-2: Ball 3-2: SINGLE (Groundball, 4MD, EV 108 MPH)
|
|
Batting: RHB António Garza
|
0-0: Ball 1-0: Ball 2-0: 2-RUN HOME RUN (Flyball, 78XD, EV 102 MPH), Distance : 397 ft
|
|
Batting: RHB Alex Martin
|
0-0: Ball 1-0: Ball 2-0: Ground out 1-3 (Groundball, 15, EV 57 MPH)
|
| Top of the 5th over - 7 runs, 6 hits, 0 errors, 0 left on base; Minnesota 7 - Oakland 3 |
| BOTTOM OF THE 5TH |
|
Oakland Athletics batting - Pitching for Minnesota Twins : RHP Anthony DeSclafani
|
|
Batting: RHB Jorge García
|
0-0: Called Strike 0-1: Ball 1-1: Ground out 6-3 (Groundball, 6, EV 69 MPH)
|
|
Batting: RHB Jeremy Austin
|
0-0: Ground out 6-3 (Groundball, 6M, EV 74 MPH)
|
|
Batting: RHB Jim Weber
|
0-0: Ball 1-0: Ball 2-0: Ball 3-0: Called Strike 3-1: Called Strike 3-2: Foul Ball, location: 23F 3-2: SINGLE (Line Drive, 89S, EV 86 MPH)
|
|
Batting: RHB Phil Walker
|
0-0: Called Strike 0-1: Ball 1-1: Foul Ball, location: 9LSF 1-2: Fly out, F9 (Flyball, 9D, EV 93 MPH)
|
| Bottom of the 5th over - 0 runs, 1 hit, 0 errors, 1 left on base; Minnesota 7 - Oakland 3 |
| TOP OF THE 6TH |
|
Minnesota Twins batting - Pitching for Oakland Athletics : RHP Bennie Middehof
|
|
Batting: RHB Jorge Cota
|
0-0: Called Strike 0-1: Foul Ball, location: 7LDF 0-2: Ball 1-2: Foul Ball, location: 23F 1-2: Ball 2-2: Ball 3-2: SINGLE (Line Drive, 89M, EV 92 MPH)
|
|
Batting: LHB José Ruíz
|
0-0: Fly out, F7 (Flyball, 7D, EV 97 MPH)
|
|
Batting: RHB Lou Smith
|
0-0: Ball 1-0: Called Strike 1-1: Ball 2-1: Grounds into double play, 4-6-3 (Groundball, 4MS, EV 78 MPH)
|
| Top of the 6th over - 0 runs, 1 hit, 0 errors, 0 left on base; Minnesota 7 - Oakland 3 |
| BOTTOM OF THE 6TH |
|
Oakland Athletics batting - Pitching for Minnesota Twins : RHP Anthony DeSclafani
|
|
Batting: RHB Gilbert Lara
|
0-0: Swinging Strike 0-1: Foul Ball, location: 9LDF 0-2: Foul Ball, location: 2F 0-2: Foul Ball, location: 23F 0-2: Ball 1-2: Ball 2-2: Ground out 6-3 (Groundball, 6MS, EV 93 MPH)
|
|
Batting: LHB Steve Walker
|
0-0: Ball 1-0: Swinging Strike 1-1: Called Strike 1-2: Ball 2-2: Ball 3-2: Foul Ball, location: 3F 3-2: Ground out 3-1 (Groundball, 34S, EV 93 MPH)
|
|
Batting: RHB Ramon Beltre
|
0-0: Ball 1-0: Ball 2-0: Swinging Strike 2-1: Fly out, F4 (Popup, 4, EV 49 MPH)
|
| Bottom of the 6th over - 0 runs, 0 hits, 0 errors, 0 left on base; Minnesota 7 - Oakland 3 |
| TOP OF THE 7TH |
|
Minnesota Twins batting - Pitching for Oakland Athletics : RHP Bennie Middehof
|
|
Pitching: RHP Vito Porchianelo
|
|
|
Batting: RHB Yasiel Puig
|
0-0: Ball 1-0: Foul Ball, location: 2RF 1-1: Ground out 6-3 (Groundball, 6M, EV 74 MPH)
|
|
Batting: RHB Artie Cochran
|
0-0: Ball 1-0: Ball 2-0: Foul Ball, location: 9LMF 2-1: Ball 3-1: Fly out, F9 (Flyball, 9, EV 85 MPH)
|
|
Batting: RHB Chris Curry
|
0-0: Swinging Strike 0-1: Swinging Strike 0-2: Strikes out swinging
|
| Top of the 7th over - 0 runs, 0 hits, 0 errors, 0 left on base; Minnesota 7 - Oakland 3 |
| BOTTOM OF THE 7TH |
|
Oakland Athletics batting - Pitching for Minnesota Twins : RHP Anthony DeSclafani
|
|
Pitching: LHP Javier Navas
|
|
|
Batting: RHB Mike Becker
|
0-0: Ball 1-0: Foul Ball, location: 2F 1-1: Foul Ball, location: 9LMF 1-2: Foul Ball, location: 3FF 1-2: Strikes out swinging
|
|
Batting: RHB Ricardo A. Rodriguez
|
0-0: Ball 1-0: Swinging Strike 1-1: Swinging Strike 1-2: Strikes out looking
|
|
Batting: RHB Jorge García
|
0-0: Ball 1-0: Foul Ball, location: 2F 1-1: Ball 2-1: Fly out, F9 (Flyball, 89M, EV 84 MPH)
|
| Bottom of the 7th over - 0 runs, 0 hits, 0 errors, 0 left on base; Minnesota 7 - Oakland 3 |
| TOP OF THE 8TH |
|
Minnesota Twins batting - Pitching for Oakland Athletics : RHP Vito Porchianelo
|
|
Batting: RHB José Jiménez
|
0-0: Foul Ball, location: 7LSF 0-1: Foul Ball, location: 23F 0-2: Foul Ball, location: 3F 0-2: Ball 1-2: Fly out, F7 (Flyball, 7, EV 85 MPH)
|
|
Batting: RHB António Garza
|
0-0: Called Strike 0-1: Swinging Strike 0-2: Foul Ball, location: 5F 0-2: Ball 1-2: Ball 2-2: SINGLE (Line Drive, 7, EV 84 MPH)
|
|
Batting: RHB Alex Martin
|
0-0: Ground out 6-3 (Groundball, 6S, EV 61 MPH) António Garza to second
|
|
Batting: RHB Jorge Cota
|
0-0: Ground out 6-3 (Groundball, 6M, EV 75 MPH)
|
| Top of the 8th over - 0 runs, 1 hit, 0 errors, 1 left on base; Minnesota 7 - Oakland 3 |
| BOTTOM OF THE 8TH |
|
Oakland Athletics batting - Pitching for Minnesota Twins : LHP Javier Navas
|
|
Pitching: RHP Randy Lewis
|
|
|
Batting: RHB Jeremy Austin
|
0-0: Called Strike 0-1: Fly out, F9 (Flyball, 89D, EV 84 MPH)
|
|
Batting: RHB Jim Weber
|
0-0: Ball 1-0: Called Strike 1-1: SINGLE (Groundball, 6D, EV 85 MPH)
|
|
Batting: RHB Phil Walker
|
0-0: Called Strike 0-1: Fly out, F4 (Popup, 34S, EV 55 MPH)
|
|
Batting: RHB Gilbert Lara
|
0-0: Called Strike 0-1: Foul Ball, location: 2F 0-2: Foul Ball, location: 9LMF 0-2: Strikes out swinging
|
| Bottom of the 8th over - 0 runs, 1 hit, 0 errors, 1 left on base; Minnesota 7 - Oakland 3 |
| TOP OF THE 9TH |
|
Minnesota Twins batting - Pitching for Oakland Athletics : RHP Vito Porchianelo
|
|
Pitching: RHP Gabriel Ynoa
|
|
|
Batting: LHB José Ruíz
|
0-0: Called Strike 0-1: Swinging Strike 0-2: Strikes out swinging
|
|
Batting: RHB Lou Smith
|
0-0: Called Strike 0-1: Fly out, F9 (Flyball, 89D, EV 111 MPH)
|
|
Batting: RHB Yasiel Puig
|
0-0: Called Strike 0-1: Foul Ball, location: 2F 0-2: Ball 1-2: Strikes out looking
|
| Top of the 9th over - 0 runs, 0 hits, 0 errors, 0 left on base; Minnesota 7 - Oakland 3 |
| BOTTOM OF THE 9TH |
|
Oakland Athletics batting - Pitching for Minnesota Twins : RHP Randy Lewis
|
|
Batting: LHB Steve Walker
|
0-0: Ball 1-0: Called Strike 1-1: Ground out U3 (Groundball, 3S, EV 58 MPH)
|
|
Batting: RHB Ramon Beltre
|
0-0: Ball 1-0: Swinging Strike 1-1: Fly out, F9 (Flyball, 9LM, EV 82 MPH)
|
|
Batting: RHB Mike Becker
|
0-0: Called Strike 0-1: Ground out 6-3 (Groundball, 6, EV 95 MPH)
|
| Bottom of the 9th over - 0 runs, 0 hits, 0 errors, 0 left on base; Minnesota 7 - Oakland 3 |
|